 Seeded DCSS version 0.28-a0-906-g0406aca7d3 (webtiles) character file.

Game seed: 20211123 (custom seed)

21 a11behringer the Shield-Bearer (level 3, -2/29 HPs)
             Began as a Formicid Fighter on Nov 23, 2021.
             Succumbed to a goblin's poison
             ... on level 1 of the Dungeon.
             The game lasted 00:02:17 (670 turns).

a11behringer the Shield-Bearer (Formicid Fighter)    Turns: 670, Time: 00:02:19

Health: -2/29      AC:  6    Str: 21    XL:     3   Next: 2%
Magic:  3/3        EV:  9    Int:  7    God:
Gold:   21         SH:  4    Dex: 10    Spells: 2/2 levels left

rFire   . . .      SeeInvis +   a - +0 war axe
rCold   . . .      Faith    .   c - +0 buckler
rNeg    . . .      Spirit   .   b - +0 scale mail
rPois   .          Reflect  .   (helmet unavailable)
rElec   .          Harm     .   (no cloak)
rCorr   .          Rampage  .   (no gloves)
Will    .....                   (no boots)
Stlth   ..........              (no amulet)
HPRegen 0.09/turn               (no ring)
MPRegen 0.08/turn               (no ring)

@: lethally poisoned (-2 -> -35)
A: permanent stasis, dig shafts and tunnels, antennae 3, four strong arms
a: Dig, Shaft Self


You were on level 1 of the Dungeon.
You visited 1 branch of the dungeon, and saw 1 of its levels.

You collected 21 gold pieces.

Inventory:

Hand Weapons
 a - a +0 war axe (weapon)
Armour
 b - a +0 scale mail (worn)
 c - a +0 buckler (worn)
Scrolls
 e - 3 scrolls of enchant weapon {unknown}
Potions
 d - 2 potions of might


   Skills:
 + Level 3.5 Fighting
 * Level 2.3 Axes
 + Level 3.5 Armour
 + Level 4.1 Shields


You had 2 spell levels left.
You didn't know any spells.
Your spell library was empty.

Dungeon Overview and Level Annotations

Branches:
Dungeon (1/15)

Altars:


Innate Abilities, Weirdness & Mutations

You cannot be hasted, slowed, berserked, paralysed or teleported.
You can dig through walls and to a lower floor.
You have a pair of large antennae on your head. (SInv)
Your four strong arms can wield two-handed weapons with a shield.


Message History

You slash the jackal!
You kill the jackal!
The jackal barely misses you.
You hit the jackal.
You kill the jackal!
The jackal closely misses you.
You hit the jackal.
You kill the jackal!
You have reached level 3!
Your experience leads to an increase in your attributes!
Increase (S)trength, (I)ntelligence, or (D)exterity?
You feel stronger.
You see here a jackal corpse.
Found a faded altar of an unknown god.
There is a faded altar of an unknown god here.
You sense a monster nearby.
A goblin comes into view. It is wielding a +0 dagger of venom.
The goblin shouts!
Found a sapphire potion.
Found a yellow potion.
The goblin hits you but does no damage.
You are poisoned.
You miss the goblin.
You feel sick.
The goblin hits you with a +0 dagger of venom.
You are more poisoned.
The goblin hits you but does no damage.
You are more poisoned.
You closely miss the goblin.
You feel extremely sick.
The goblin hits you with a +0 dagger of venom.
You are more poisoned.
You closely miss the goblin.
* * * LOW HITPOINT WARNING * * *
You feel extremely sick. The goblin closely misses you.
A quokka comes into view.
The goblin hits you but does no damage.
You are more poisoned.
You slash the goblin!
You kill the goblin!
You die...

.(.>.##.##.##.#.# #.
#..####.##.##.#.#
######## ##.
#>##.##.#.###≈≈≈≈≈##
#.# ####........ #.#
#..<...... #.#
##........ # #.#
##≈≈≈≈≈## .####.##.#
########
!!.....@#...# #
....##)#.#### . #r
.# .. .. ### ###


You could see a quokka.

Vanquished Creatures
  2 endoplasms (D:1)
  3 giant cockroaches (D:1)
  3 goblins (D:1)
  A hobgoblin (D:1)
  4 jackals (D:1)
  A kobold (D:1)
  A ball python (D:1)
  A bat (D:1)
  2 frilled lizards (D:1)
18 creatures vanquished.

Notes
Turn   | Place    | Note
-------+----------+-------------------------------------------
     0 | D:1      | a11behringer the Formicid Fighter began the quest for the
                  | Orb.
     0 | D:1      | Reached XP level 1. HP: 18/18 MP: 1/1
   272 | D:1      | Reached skill level 4 in Shields
   272 | D:1      | Reached XP level 2. HP: 22/24 MP: 2/2
   543 | D:1      | Reached XP level 3. HP: 25/29 MP: 3/3
   587 | D:1      | Found a faded altar of an unknown god.
   670 | D:1      | Succumbed to a goblin's poison

Illustrated notes

Levels and vault maps discovered:
D:1:      wander_arrival_chamber, layout_loops_ring,
          ebering_ecumenical_altar_abandoned, serial_park_tiny_2

Skill      XL: |  1 |
---------------+----+-----
Shields        | 4 |  4.1
Fighting       | |  3.5
Axes           | |  2.3
Armour         | |  3.5

Action                   || total
-------------------------++-------
Melee: War axe           ||    58
Armor: Scale mail        ||    25
Dodge: Dodged            ||    32
Block: Buckler           ||    18

Table legend: (Time is in decaauts)
 A = Elapsed time spent in this place.
 B = Non-inter-level travel time spent in this place.
 C = Inter-level travel time spent in this place.
 D = Time resting spent in this place.
 E = Time spent auto-exploring this place.
 F = Levels seen in this place.
 G = Mean time per level.
                   A        B        C        D        E       F      G
               +--------+--------+--------+--------+--------+-----+--------+
         Total |    692 |    656 |     36 |      0 |    513 |   1 |  692.0 |
       Dungeon |    692 |    656 |     36 |      0 |    513 |   1 |  692.0 |
               +--------+--------+--------+--------+--------+-----+--------+

Top non-repeatable levels by time:
     D:1: 692 daAuts
